Map: Oxide LE

Players

Vanya

  • Race: Zerg Zerg
  • League: Master
  • Spawn Location: 1:00

MaxPax - Winner!

  • Race: Protoss Protoss
  • League: Grandmaster
  • Spawn Location: 7:00

Event: DreamHack SC2 Masters 2020 Winter

VOD

Have the link to the VOD?

Description

Time

  • Played on: Oct. 14, 2020, 2 p.m.
  • Length: 11:22

All games in this series

Show
View Real Time Build Order
Export as new Build Order

Vanya Zerg 

Build Orders: Hatch First, Roach Hydra 

Get SALT Encoding   

  12  0:00  Drone  
  13  0:12  Overlord  
  13  0:16  Drone  
  14  0:30  Drone x2  
  16  0:48  Hatchery  
  15  0:51  Drone  
  15  0:54  Drone  
  17  0:57  Drone  
  18  1:08  Extractor  
  17  1:13  Spawning Pool  
  17  1:16  Drone  
  17  1:19  Drone  
  18  1:29  Drone  
  19  1:40  Drone  
  20  1:49  Overlord  
  20  2:00  Queen x2  
  20  2:01  Zergling x4  
  26  2:11  Drone x2  
  26  2:12  Metabolic Boost  
  28  2:21  Drone x2  
  30  2:32  Drone x2  
  32  2:39  Hatchery  
  32  2:43  Drone  
  32  2:46  Overlord  
  32  2:51  Queen  
  32  2:55  Drone  
  36  2:58  Drone  
  36  3:09  Drone x2  
  36  3:11  Drone x2  
  40  3:14  Overlord  
  40  3:16  Drone  
  40  3:19  Drone  
  42  3:27  Queen  
  42  3:33  Drone, Spore Crawler  
  44  3:37  Drone x2  
  46  3:43  Drone x3  
  49  3:54  Drone, Queen  
  49  3:55  Spore Crawler  
  50  4:01  Drone x2  
  52  4:04  Overlord  
  52  4:09  Drone x3  
  55  4:12  Overlord  
  55  4:13  Overlord  
  55  4:14  Drone  
  56  4:19  Lair  
  56  4:25  Overlord  
  56  4:26  Overlord  
  56  4:30  Drone x3  
  58  4:38  Drone x6, Extractor, Roach Warren  
  64  4:39  Extractor  
  64  4:41  Zergling x2  
  62  4:47  Queen  
  62  4:50  Overlord  
  64  4:53  Overlord  
  64  4:55  Overlord  
  64  4:57  Overlord  
  64  4:58  Drone x2  
  66  5:02  Extractor  
  66  5:03  Drone x5  
  66  5:04  Extractor  
  69  5:07  Overlord  
  69  5:11  Spore Crawler  
  69  5:12  Drone x5  
  72  5:19  Glial Reconstitution  
  71  5:22  Hydralisk Den  
  71  5:23  Drone  
  71  5:25  Drone x2  
  73  5:30  Overlord  
  73  5:33  Extractor  
  72  5:40  Drone x8  
  80  5:46  Overlord  
  80  5:47  Spore Crawler  
  79  5:52  Drone  
  79  5:53  Grooved Spines  
  80  6:05  Hydralisk x4  
  88  6:11  Hatchery  
  86  6:19  Hydralisk x6  
  86  6:23  Overlord  
  98  6:31  Overlord, Hydralisk x2  
  98  6:32  Roach x2  
  106  6:39  Hydralisk x2  
  106  6:40  Roach x2  
  106  6:46  Hydralisk x2  
  118  6:50  Roach x3  
  124  6:58  Roach x5  
  134  7:03  Overlord  
  134  7:04  Muscular Augments  
  134  7:05  Hydralisk x2  
  136  7:13  Hydralisk x4  
  140  7:21  Overlord  
  137  7:23  Ravager x3  
  137  7:24  Zergling x10, Ravager  
  146  7:41  Hydralisk x4  
  146  7:42  Roach x3  
  138  7:51  Hydralisk x2  
  138  7:52  Roach x2  
  114  8:09  Hydralisk  
  114  8:10  Hydralisk x6  
  118  8:21  Hydralisk x3  
  118  8:25  Hatchery  
  121  8:27  Hydralisk  
  121  8:32  Hydralisk x3  
  129  8:41  Infestation Pit  
  129  8:45  Evolution Chamber, Queen  
  129  8:51  Hydralisk  
  129  8:52  Roach x5  
  141  9:08  Hydralisk x6  
  153  9:16  Hydralisk x2  
  153  9:17  Roach x2  
  153  9:23  Zerg Missile Weapons Level 1  
  161  9:25  Overlord  
  161  9:33  Overlord x2  
  161  9:34  Zergling x2  
  161  9:37  Overlord  
  162  9:42  Hydralisk x2  
  162  9:43  Roach  
  168  9:47  Hydralisk  
  168  9:48  Hydralisk x3  
  176  9:54  Overlord  
  176  9:56  Hydralisk  
  176  9:59  Queen  
  180  10:05  Roach, Hydralisk x3  
  180  10:06  Roach x2  
  192  10:15  Roach x4  
  198  10:29  Overlord  
  198  10:36  Overlord  
  198  10:42  Hydralisk  
  172  10:51  Roach, Hydralisk x6  
  172  10:52  Roach x4  
Show
View Real Time Build Order
Export as new Build Order

MaxPax Protoss - Winner!

Build Orders: 1 Gate Expand 

Get SALT Encoding   

  12  0:00  Probe  
  13  0:12  Probe  
  14  0:19  Pylon  
  14  0:24  Probe  
  15  0:37  Probe (Chrono Boost)  
  15  0:39  Gateway  
  16  0:47  Assimilator, Probe (Chrono Boost)  
  17  0:51  Probe (Chrono Boost)  
  18  1:03  Probe  
  19  1:15  Probe  
  20  1:24  Nexus  
  20  1:34  Cybernetics Core  
  20  1:35  Probe  
  21  1:42  Assimilator  
  21  1:47  Probe  
  21  1:49  Pylon  
  22  1:59  Probe  
  23  2:10  Stalker  
  23  2:11  Probe (Chrono Boost)  
  23  2:12  Warp Gate  
  26  2:21  Probe (Chrono Boost)  
  27  2:26  Probe (Chrono Boost)  
  28  2:33  Stargate  
  28  2:36  Probe (Chrono Boost)  
  29  2:42  Adept  
  29  2:43  Probe (Chrono Boost)  
  32  2:47  Probe (Chrono Boost)  
  34  2:51  Probe (Chrono Boost)  
  34  2:53  Gateway  
  34  2:57  Probe x2 (Chrono Boost)  
  36  3:04  Probe  
  36  3:05  Probe  
  38  3:08  Void Ray (Chrono Boost)  
  38  3:16  Probe  
  38  3:17  Probe  
  44  3:22  Pylon  
  44  3:28  Probe  
  44  3:29  Assimilator, Probe  
  44  3:31  Assimilator  
  45  3:35  Void Ray (Chrono Boost)  
  45  3:40  Probe  
  46  3:41  Probe  
  46  3:45  Pylon  
  52  3:55  Probe  
  52  3:57  Pylon, Probe  
  53  4:04  Adept x2  
  57  4:10  Stargate, Probe  
  57  4:13  Probe  
  59  4:17  Void Ray (Chrono Boost)  
  59  4:22  Probe  
  60  4:28  Probe  
  65  4:33  Adept x2  
  69  4:39  Nexus  
  69  4:42  Probe  
  70  4:46  Pylon  
  70  4:59  Pylon  
  70  5:02  Protoss Air Weapons Level 1  
  70  5:03  Pylon, Void Ray (Chrono Boost)  
  70  5:04  Probe x2  
  72  5:11  Void Ray (Chrono Boost)  
  76  5:16  Probe  
  79  5:23  Probe  
  79  5:26  Robotics Facility  
  80  5:28  Probe  
  79  5:36  Probe  
  79  5:37  Void Ray (Chrono Boost)  
  79  5:40  Shield Battery, Probe  
  79  5:42  Forge  
  85  5:44  Void Ray (Chrono Boost)  
  85  5:48  Probe  
  90  5:52  Probe  
  91  5:58  Probe  
  91  6:00  Shield Battery, Probe  
  91  6:02  Pylon  
  93  6:08  Probe  
  94  6:11  Void Ray (Chrono Boost)  
  94  6:15  Robotics Bay  
  98  6:19  Zealot x2  
  98  6:21  Robotics Facility  
  98  6:25  Assimilator  
  102  6:26  Void Ray (Chrono Boost)  
  102  6:28  Probe  
  102  6:29  Probe  
  102  6:31  Shield Battery  
  104  6:32  Shield Battery  
  104  6:35  Pylon  
  108  6:40  Probe  
  108  6:44  Assimilator, Probe  
  110  6:48  Twilight Council  
  110  6:51  Pylon  
  110  6:53  Observer  
  111  6:55  Zealot x2  
  111  6:56  Probe  
  111  7:00  Pylon, Probe  
  117  7:12  Colossus (Chrono Boost)  
  117  7:13  Probe  
  120  7:17  Zealot x2  
  120  7:21  Void Ray  
  122  7:24  Disruptor (Chrono Boost)  
  129  7:33  Void Ray  
  125  7:38  Zealot x2  
  119  7:55  Probe  
  105  7:58  Void Ray  
  105  8:01  Probe  
  105  8:05  Colossus (Chrono Boost)  
  105  8:07  Probe  
  105  8:09  Zealot x2  
  105  8:10  Void Ray  
  105  8:12  Probe  
  114  8:15  Gateway  
  114  8:19  Gateway  
  118  8:20  Shield Battery  
  118  8:21  Gateway  
  118  8:22  Gateway, Pylon, Disruptor (Chrono Boost)  
  118  8:25  Gateway  
  113  8:30  Charge (Chrono Boost)  
  113  8:35  Zealot x2, Void Ray  
  117  8:44  Protoss Ground Weapons Level 1 (Chrono Boost)  
  121  8:50  Probe x3  
  124  8:57  Colossus (Chrono Boost)  
  124  9:01  Pylon  
  124  9:02  Probe  
  133  9:09  Pylon  
  133  9:13  Zealot  
  133  9:21  Nexus  
  133  9:22  Pylon  
  133  9:23  Templar Archives  
  134  9:27  Observer (Chrono Boost)  
  134  9:30  Zealot x2  
  138  9:32  Probe x3  
  138  9:36  Pylon  
  141  9:44  Probe  
  142  9:50  Psionic Storm, Colossus  
  146  9:55  Probe  
  147  10:05  High Templar x2, Photon Cannon  
  147  10:06  Photon Cannon  
  151  10:12  High Templar  
  153  10:14  Zealot x3  
  153  10:17  Zealot  
  161  10:24  Shield Battery  
  161  10:28  Probe  
  160  10:35  Zealot x3  
  148  10:50  Zealot x4  
  159  11:07  Zealot x3  
Tags
 
Add a new tag
Caveats
  • Supply blocks, unpowered buildings, or Contaminate may cause inaccurate times.
  • Supply counts are checked every 10 seconds.